Map: Terraços Prion

Players

Kuga

  • Race: Terran Terran
  • League: Master

TheZergLord - Winner!

  • Race: Zerg Zerg
  • League: Master

VOD

Have the link to the VOD?

Description

Time

  • Played on: April 27, 2016, 8:01 a.m.
  • Length: 6:15
Show
View Real Time Build Order
Export as new Build Order

Kuga Terran 

Build Orders: Liberator Opening, Reaper Expand 

Get SALT Encoding   

  12  0:01  SCV  
  13  0:13  SCV  
  14  0:18  Supply Depot  
  14  0:26  SCV  
  15  0:39  SCV  
  15  0:41  Barracks  
  16  0:45  Refinery  
  16  0:51  SCV  
  17  1:03  SCV  
  18  1:16  SCV  
  19  1:29  Reaper, Orbital Command  
  20  1:44  Command Center  
  20  1:55  SCV  
  20  1:56  Supply Depot  
  21  2:07  Marine  
  22  2:12  Factory  
  22  2:15  SCV  
  23  2:17  Refinery  
  23  2:27  SCV  
  24  2:35  Barracks Reactor  
  24  2:39  SCV  
  25  2:51  SCV  
  25  2:57  Orbital Command  
  26  3:03  Bunker, SCV  
  27  3:24  Starport  
  27  3:27  SCV  
  27  3:30  SCV  
  27  3:32  Supply Depot, Barracks Tech Lab  
  27  3:33  Hellion x2  
  33  3:40  SCV  
  34  3:42  SCV  
  34  3:45  Liberator  
  35  3:52  SCV  
  35  3:54  Hellion x2, SCV  
  41  3:57  Marine  
  41  4:00  Stimpack  
  45  4:04  SCV  
  45  4:06  SCV  
  47  4:16  SCV  
  48  4:18  SCV  
  49  4:26  Barracks, Factory Reactor  
  49  4:28  Barracks, SCV  
  49  4:30  Marine, SCV  
  52  4:40  SCV  
  52  4:42  SCV  
  54  4:49  Engineering Bay  
  54  4:51  Engineering Bay  
  54  4:53  Starport Reactor  
  54  4:57  Command Center  
  54  4:58  Refinery x2  
  54  5:00  Supply Depot  
  54  5:02  Supply Depot  
  54  5:13  Factory Reactor  
  54  5:21  Marine x3  
  54  5:22  Marine  
  54  5:23  Marine  
  54  5:27  Bunker  
  59  5:30  Bunker  
  58  5:39  Marine x3  
  58  5:42  SCV  
  58  5:43  Marine x2  
Show
View Real Time Build Order
Export as new Build Order

TheZergLord Zerg - Winner!

Build Orders: Hatch First 

Get SALT Encoding   

  12  0:01  Drone  
  13  0:13  Overlord  
  13  0:18  Drone  
  14  0:32  Drone x2  
  16  0:35  Drone  
  17  0:53  Hatchery  
  17  0:56  Drone  
  17  1:09  Spawning Pool  
  16  1:13  Drone  
  16  1:14  Extractor  
  16  1:18  Drone  
  16  1:22  Drone  
  18  1:30  Drone  
  19  1:40  Overlord  
  19  1:56  Queen  
  19  1:57  Zergling x2  
  22  2:02  Zergling x2  
  22  2:05  Queen  
  22  2:07  Zergling x2  
  26  2:16  Metabolic Boost  
  26  2:21  Drone x2  
  28  2:24  Drone  
  29  2:31  Spore Crawler  
  29  2:33  Drone x2  
  31  2:41  Drone  
  31  2:50  Drone  
  32  2:54  Drone  
  32  2:55  Drone  
  33  2:59  Queen  
  35  3:09  Drone  
  35  3:18  Hatchery  
  33  3:21  Drone x2  
  33  3:22  Drone  
  33  3:25  Overlord x2  
  36  3:37  Roach Warren  
  35  3:42  Overlord  
  35  3:43  Drone x2  
  35  3:44  Drone x3  
  35  3:48  Extractor  
  39  3:49  Extractor  
  39  3:54  Drone x2  
  40  3:55  Drone  
  40  3:56  Drone x3  
  44  4:08  Overlord x2  
  44  4:20  Roach x2  
  48  4:26  Roach x4  
  56  4:32  Roach x3  
  56  4:33  Roach  
  56  4:34  Zergling x2  
  65  4:45  Roach x3  
  71  4:54  Zergling x4  
  71  4:55  Zergling x2  
  71  4:57  Overlord x3  
  73  5:18  Zergling x2  
  73  5:19  Zergling x12  
  80  5:24  Zergling x6  
  83  5:32  Ravager  
  83  5:33  Ravager x4  
  84  5:37  Zergling x18  
Tags
 
Add a new tag
Caveats
  • Supply blocks, unpowered buildings, or Contaminate may cause inaccurate times.
  • Supply counts are checked every 10 seconds.